Map: Miner Evacuation

Players

NamroodTuo

  • Race: Zerg Zerg

Крематор

  • Race: Terran Terran
  • Spawn Location: 7:00

VOD

Have the link to the VOD?

Description

Time

  • Played on: Jan. 9, 2023, 5:35 a.m.
  • Length: 30:26
Show
View Real Time Build Order
Export as new Build Order

NamroodTuo Zerg 

Build Orders:  

Get SALT Encoding   

  12  0:15  Overlord  
  12  0:19  Infested SCV  
  13  0:28  Infested SCV  
  14  0:33  Infested SCV  
  15  0:49  Infested Barracks  
  15  0:55  Infested SCV  
  16  1:03  Infested SCV  
  17  1:19  Infested SCV  
  18  1:32  Infested SCV  
  18  1:38  Infested SCV  
  20  1:52  Infestation Level 1  
  20  1:54  Infested SCV  
  21  2:04  Infested Engineering Bay  
  21  2:06  Infested Refinery  
  21  2:13  Infested SCV, Infested Refinery  
  22  2:31  Infested SCV  
  23  2:53  Overlord  
  23  3:13  Overlord  
  23  3:14  Overlord  
  23  3:30  Infested SCV  
  24  3:43  Regenerative Plating  
  24  3:53  Infested SCV  
  25  4:12  Infested SCV  
  25  4:19  Infested SCV  
  27  4:25  Infestation Level 2  
  27  4:30  Infested Barracks Tech Lab  
  27  4:34  Infested SCV  
  28  4:43  Stukov Infantry Weapons Level 1  
  32  5:01  Infested Bunker  
  32  5:03  Overlord  
  32  5:13  Infested Marine  
  32  5:14  Infested Marine x3  
  32  5:15  Infested Marine x2  
  38  5:31  Infested SCV x2  
  38  5:35  Retinal Augmentation  
  40  5:45  Infested SCV  
  41  5:55  Infested Factory  
  41  6:02  Infested Barracks  
  41  6:27  Anaerobic Enhancement  
  41  6:39  Infested Marine x2  
  37  6:44  Plagued Munitions  
  37  7:09  Infested Bunker  
  41  7:19  Infested Barracks  
  41  7:23  Stukov Infantry Armor Level 1  
  41  7:28  Infested Armory  
  41  7:58  Infested Barracks  
  41  7:59  Overlord x3  
  41  8:00  Overlord  
  41  8:12  Infested Marine x4  
  41  8:13  Infested Marine x7  
  50  8:47  Infested Marine  
  50  8:48  Infested Marine x25  
  50  8:49  Infested Marine  
  77  8:53  Infested Marine  
  78  9:22  Broodling Gestation  
  67  10:03  Calcified Armor  
  67  10:11  Infested Marine  
  67  10:12  Infested Marine x17  
  67  10:13  Infested Marine x2  
  67  10:17  Overlord x3  
  87  10:33  Infested Marine  
  87  10:34  Infested Marine x13  
  71  11:00  Infested Marine x4  
  71  11:01  Infested Marine x17  
  71  11:03  Stukov Infantry Weapons Level 2  
  92  11:20  Infested Marine  
  92  11:21  Infested Marine x15  
  39  12:13  Infested Marine x4  
  39  12:14  Infested Marine x26  
  39  12:15  Infested Marine x3  
  72  13:25  Infested Marine  
  72  13:26  Infested Marine x18  
  72  13:27  Infested Marine x10, Infested Command Center  
  68  14:04  Infested Marine  
  68  14:05  Infested Marine x15  
  68  14:06  Infested Marine x5  
  89  14:13  Stukov Infantry Armor Level 2  
  89  14:38  Infestation Level 3  
  89  15:02  Infested Marine  
  89  15:03  Infested Marine x16  
  89  15:04  Infested Marine  
  78  15:21  Infested Marine  
  78  15:22  Infested Marine x19  
  78  15:23  Infested Marine x5  
  103  15:46  Infested Marine x6  
  103  15:47  Infested Marine x13  
  101  16:08  Infested Marine  
  101  16:09  Infested Marine x17  
  117  16:10  Infested Marine  
  117  16:37  Infested Marine  
  117  16:38  Infested Marine x10  
  85  17:17  Infested SCV x3  
  85  17:18  Infested SCV x2  
  78  17:22  Infested Bunker  
  64  17:42  Infested Marine x11  
  64  17:43  Infested Marine x13  
  88  17:56  Infested Marine  
  88  17:57  Infested Marine x10  
  88  17:58  Infested Marine  
  95  18:25  Infested Marine  
  95  18:26  Infested Marine x16  
  70  19:42  Infested Bunker  
  67  19:52  Infested Bunker  
  67  19:54  Stukov Infantry Weapons Level 3  
  56  20:45  Infested Marine  
  56  20:46  Infested Marine x21  
  56  20:47  Infested Marine x24  
  56  20:48  Infested Marine x15  
  117  21:04  Infested SCV  
  117  21:05  Infested SCV x4  
  122  21:37  Aggressive Incubation  
  122  21:44  Overlord x2  
  122  21:51  Overlord x4  
  122  21:53  Overlord  
  122  22:19  Infested Bunker  
  125  22:31  Infested SCV x2  
  67  22:43  Unknown  
  67  23:34  Stukov Infantry Armor Level 3  
  67  23:48  Infested Marine x2  
  67  23:49  Infested Marine x25  
  94  23:50  Infested Marine x16  
  94  23:53  Infested Marine  
  94  23:54  Infested Marine x21  
  94  23:55  Infested Marine x7  
  94  23:56  Overlord  
  94  23:57  Overlord x4  
  94  23:58  Overlord x3  
  94  23:59  Infested SCV x2  
  145  24:32  Infested SCV, Infested Bunker  
  145  24:33  Infested SCV  
  147  25:34  Overlord x3  
  75  26:18  Infested Marine  
  75  26:19  Infested Marine x16  
  92  26:20  Infested Marine x4  
  96  27:11  Infested Marine  
  96  27:12  Infested Marine x16  
  96  27:13  Infested Marine x19  
  96  27:19  Infested Marine x4  
  136  27:20  Infested Marine x22  
  136  27:21  Infested Marine x12  
  173  27:40  Infested Bunker  
  173  27:47  Infested Bunker  
  177  27:55  Infested Bunker  
  176  28:08  Infested Marine  
  176  28:09  Infested Marine x18  
  171  28:10  Infested Marine x2  
  166  28:55  Infested Marine x9  
  166  28:56  Infested Marine x24  
  166  28:57  Infested Marine x22  
  166  28:58  Infested Marine  
  156  29:29  Infested Marine  
  157  29:30  Infested Marine x13  
  157  29:31  Infested Marine x13  
Show
View Real Time Build Order
Export as new Build Order

Крематор Terran 

Build Orders:  

Get SALT Encoding   

  12  0:05  SCV  
  13  0:19  SCV  
  14  0:32  SCV  
  14  0:37  Supply Depot  
  15  0:47  Refinery  
  15  0:54  Refinery  
  15  1:06  SCV  
  16  1:29  Engineering Bay  
  16  1:36  SCV, Factory  
  17  1:54  Supply Depot  
  17  1:57  SCV  
  18  2:21  SCV  
  19  2:31  Hi-Sec Auto Tracking  
  19  2:34  SCV  
  20  2:43  Devastation Turret  
  20  2:53  SCV  
  21  3:06  Armory  
  21  3:08  SCV  
  22  3:19  Upgrade Laser Drill Level 1  
  22  3:24  Devastation Turret  
  22  3:27  SCV  
  23  3:42  Supply Depot  
  23  3:46  SCV  
  24  4:02  Devastation Turret  
  24  4:03  SCV  
  25  4:17  SCV  
  26  4:30  SCV  
  26  4:34  Perdition Turret  
  27  4:51  Starport  
  27  5:06  Fire-Suppression Systems  
  27  5:26  Spinning Dizzy  
  27  5:28  Starport Tech Reactor  
  27  5:30  Factory Tech Reactor  
  27  5:41  Supply Depot  
  27  5:43  SCV  
  28  5:51  Upgrade Laser Drill Level 2, Devastation Turret  
  28  6:08  Improved Nano-Repair  
  28  6:19  Infernal Pre-Igniter  
  28  6:23  Perdition Turret  
  28  6:24  SCV  
  29  6:31  Supply Depot  
  29  6:42  Devastation Turret  
  29  6:51  Perdition Turret  
  29  7:19  Infernal Plating  
  29  7:26  Spinning Dizzy  
  29  7:27  Supply Depot  
  29  8:04  Supply Depot  
  29  8:07  KMC Auto-Loaders  
  29  8:38  Supply Depot  
  29  8:40  Advanced Optics  
  29  8:53  Devastation Turret  
  29  9:37  Structure Armor  
  29  9:54  Devastation Turret  
  29  10:13  Devastation Turret  
  29  10:34  Devastation Turret  
  28  10:40  Regenerative Bio-Steel  
  28  10:43  SCV  
  29  10:54  Defensive Matrix  
  29  10:57  330mm Barrage Cannon  
  29  11:08  SCV  
  30  11:10  Supply Depot  
  30  11:22  Devastation Turret  
  30  11:29  Devastation Turret  
  30  11:48  Supply Depot  
  30  11:51  Perdition Turret  
  30  11:58  Devastation Turret  
  30  12:10  Terran Vehicle and Ship Weapons Level 1  
  30  12:15  Devastation Turret  
  30  12:35  Devastation Turret  
  30  12:44  Devastation Turret  
  30  12:48  Supply Depot  
  30  13:04  Perdition Turret  
  30  13:11  Spinning Dizzy  
  30  13:16  Thor x2  
  30  13:18  Science Vessel x2  
  46  13:33  Spinning Dizzy  
  46  13:36  Perdition Turret  
  46  13:38  Perdition Turret  
  46  14:11  Spinning Dizzy  
  46  14:17  Command Center  
  46  14:32  Devastation Turret  
  46  14:50  Terran Vehicle And Ship Armor Level 1  
  46  14:59  Devastation Turret  
  46  15:47  Refinery  
  46  15:48  Spinning Dizzy  
  46  15:59  Thor  
  46  16:30  Devastation Turret  
  46  16:59  Devastation Turret  
  46  17:04  SCV, Refinery  
  47  17:17  SCV  
  48  17:28  Spinning Dizzy  
  48  17:29  Thor x2  
  60  17:30  Terran Vehicle and Ship Weapons Level 2, Science Vessel  
  60  17:31  SCV, Science Vessel  
  65  17:44  SCV  
  65  17:49  SCV  
  66  17:58  SCV  
  68  18:01  Devastation Turret  
  68  18:20  Spinning Dizzy  
  68  18:29  Spinning Dizzy  
  68  18:51  Devastation Turret  
  68  19:08  SCV  
  69  19:22  SCV  
  70  19:34  Devastation Turret  
  70  19:36  SCV, Spinning Dizzy  
  71  19:49  SCV, Thor x2  
  83  19:51  Science Vessel  
  83  19:56  Science Vessel  
  88  20:01  Devastation Turret  
  88  20:03  SCV  
  89  20:22  Perdition Turret  
  89  20:24  SCV  
  90  20:38  SCV, Perdition Turret  
  91  20:40  Terran Vehicle And Ship Armor Level 2  
  91  20:51  SCV  
  92  21:03  Spinning Dizzy  
  92  21:05  SCV  
  93  21:17  Devastation Turret  
  93  21:35  Spinning Dizzy  
  93  21:51  Thor x2, Devastation Turret  
  93  21:54  Science Vessel x2  
  109  22:24  Spinning Dizzy  
  109  22:35  Devastation Turret  
  109  23:50  Terran Vehicle and Ship Weapons Level 3  
  109  24:07  Spinning Dizzy  
  109  24:13  Devastation Turret  
  109  24:36  Spinning Dizzy  
  109  24:37  Perdition Turret  
  109  24:39  Perdition Turret  
  109  24:45  Perdition Turret x2  
  109  24:52  Perdition Turret x2  
  109  24:57  Devastation Turret  
  108  25:00  Perdition Turret x2  
  108  25:08  Perdition Turret x2  
  107  25:20  Perdition Turret  
  107  25:25  Perdition Turret, Spinning Dizzy  
  107  25:26  Perdition Turret  
  107  25:31  Perdition Turret  
  107  25:35  Perdition Turret  
  107  25:37  Perdition Turret x2  
  107  25:45  Perdition Turret, Devastation Turret  
  107  25:48  Perdition Turret  
  107  25:52  Perdition Turret  
  107  25:56  Perdition Turret  
  107  26:00  SCV  
  107  26:04  Perdition Turret x2  
  108  26:11  Perdition Turret  
  108  26:13  SCV  
  108  26:14  Spinning Dizzy  
  108  26:16  Perdition Turret x3  
  108  26:17  Perdition Turret  
  109  26:24  Perdition Turret x2  
  109  26:25  Perdition Turret  
  109  26:26  Perdition Turret  
  109  26:27  SCV, Perdition Turret  
  110  26:31  Perdition Turret x2  
  110  26:32  Perdition Turret  
  110  26:35  Perdition Turret  
  110  26:40  Perdition Turret  
  110  26:41  Perdition Turret  
  110  26:57  Perdition Turret  
  110  27:08  Thor  
  116  27:10  Science Vessel  
  116  27:19  Spinning Dizzy  
  118  27:22  Devastation Turret  
  118  27:32  Perdition Turret  
  118  27:35  Perdition Turret  
  118  27:39  Devastation Turret  
  118  27:51  Supply Depot, Devastation Turret  
  118  28:21  Thor, Science Vessel  
  118  28:22  Spinning Dizzy x2  
  118  28:28  Supply Depot  
  126  28:41  Perdition Turret x2  
  126  28:42  Devastation Turret  
  126  28:49  Perdition Turret x2  
  126  29:02  Devastation Turret  
  126  29:31  Spinning Dizzy  
  126  29:33  Spinning Dizzy  
Tags
 
Commander
StukovSwann
Matchup
Co-op
Replay Pack
Multiplayer
Add a new tag
Caveats
  • Supply blocks, unpowered buildings, or Contaminate may cause inaccurate times.
  • Supply counts are checked every 10 seconds.